 Dungeon Crawl Stone Soup version 0.30.0 (webtiles) character file.

Game seed: 3357687879334341013

149264 SnakkuSnakku7 the Brawler (level 17, -3/146 HPs)
             Began as a Ghoul Conjurer on May 6, 2023.
             Was the Champion of Yredelemnul.
             Slain by a spark wasp (15 damage)
             ... on level 4 of the Spider Nest on May 7, 2023.
             The game lasted 00:46:52 (24729 turns).

SnakkuSnakku7 the Brawler (Ghoul Conjurer)         Turns: 24729, Time: 00:46:52

Health: -3/146     AC: 46    Str: 23    XL:     17   Next: 51%
Magic:  2/24       EV:  8    Int: 13    God:    Yredelemnul [******]
Gold:   1403       SH: 12    Dex:  9    Spells: 19/19 levels left

rFire   + +          .
                       - Unarmed
rCold   + + +        c - +2 shield of Resistance {rF++ rC++ Will++}
rNeg    + + +        w - +14 plate armour of Precision Catastrophes {rN+}
rPois   ∞            e - +2 helmet
rElec   .            r - +2 cloak
rCorr   .            N - +2 pair of gloves
SInv    .            K - +2 pair of boots {Fly}
Will    +++..        Q - amulet of regeneration Stlth
                     d - +4 ring of protection
HPRegen 0.00/turn    p - +6 ring of strength
MPRegen 0.19/turn

%: no passive effects
@: flying, inhibited regen
A: claws 1, cold resistance 1, negative energy resistance 3, inhibited
regeneration, torment resistance 2, devour on kill
a: Renounce Religion, Recall Undead Harvest, Dark Bargain, Drain Life, Bind Soul


You were on level 4 of the Spider Nest.
You worshipped Yredelemnul.
Yredelemnul was aware of your devotion.
You visited 4 branches of the dungeon, and saw 26 of its levels.
You also visited: Ossuary.

You collected 3000 gold pieces.
You spent 1597 gold pieces at shops.

Inventory:

Missiles
 C - 2 silver javelins
 H - 4 throwing nets
Armour
 c - the +2 shield of Resistance (worn) {rF++ rC++ Will++}
   (You bought it in a shop on level 2 of the Dungeon)

   rF:        It greatly protects you from fire.
   rC:        It greatly protects you from cold.
   Will:      It greatly increases your willpower.
 e - a +2 helmet (worn)
 r - a +2 cloak (worn)
 w - the +14 plate armour of Precision Catastrophes (worn) {rN+}
   (You acquired it on level 9 of the Dungeon)

   rN:        It protects you from negative energy.
 K - a +2 pair of boots of flying (worn)
 N - a +2 pair of gloves (worn)
Jewellery
 d - a +4 ring of protection (left hand)
 h - a ring of protection from fire
 j - a ring of ice
 p - a +6 ring of strength (right hand)
 q - a ring of resist corrosion
 O - a ring of see invisible
 Q - an amulet of regeneration (around neck)
Wands
 a - a wand of polymorph (18)
 l - a wand of digging (10)
 y - a wand of iceblast (22)
 A - a wand of paralysis (26)
 E - a wand of flame (93)
 J - a wand of mindburst (5)
 M - a wand of quicksilver (8)
Scrolls
 f - 8 scrolls of magic mapping
 m - 7 scrolls of identify
 n - 5 scrolls of poison
 s - 2 scrolls of fear
 t - 6 scrolls of teleportation
 x - a scroll of butterflies
 B - 4 scrolls of fog
 D - 2 scrolls of blinking
 F - 3 scrolls of immolation
 L - 2 scrolls of silence
 S - a scroll of torment
Potions
 b - 3 potions of magic
 g - 15 potions of curing
 i - 5 potions of resistance
 k - 4 potions of cancellation
 o - 9 potions of flight
 u - 3 potions of might
 v - 7 potions of brilliance
 z - 4 potions of attraction
 G - 5 potions of mutation
 I - a potion of invisibility
 U - a potion of heal wounds
Miscellaneous
 P - a lightning rod (2/4)
 R - a tin of tremorstones (2/2)
 T - a phial of floods


   Skills:
 - Level 12.0 Fighting
 - Level 10.0 Armour
 - Level 10.0 Dodging
 - Level 2.1 Stealth
 - Level 10.0 Shields
 - Level 18.1 Unarmed Combat
 - Level 1.7 Spellcasting
 - Level 3.2 Conjurations
 + Level 11.1 Invocations
 - Level 12.0 Evocations


You had 19 spell levels left.
You didn't know any spells.
Your spell library contained the following spells:

 Spells                   Type           Power      Damage    Failure   Level
 Magic Dart               Conj           36%        1d4       83%         1
 Searing Ray              Conj           18%        2d5       92%         2
 Shock                    Conj/Air       20%        1d4       96%         1
 Freeze                   Ice            4%         1d3       99%         1
 Slow                     Hex            4%         N/A       99%         1
 Momentum Strike          Conj/Tloc      10%        3d8       99%         2
 Blink                    Tloc           2%         N/A       100%        2
 Lesser Beckoning         Tloc           2%         N/A       100%        2
 Poisonous Vapours        Pois/Air       2%         N/A       100%        2
 Call Canine Familiar     Summ           1%         N/A       100%        3
 Confusing Touch          Hex            1%         N/A       100%        3
 Dazzling Flash           Conj/Hex       10%        N/A       100%        3
 Frozen Ramparts          Ice            2%         1d1       100%        3
 Hailstorm                Conj/Ice       5%         3d4       100%        3
 Mephitic Cloud           Conj/Pois/Air  3%         N/A       100%        3
 Ozocubu's Armour         Ice            1%         N/A       100%        3
 Portal Projectile        Hex/Tloc       2%         N/A       100%        3
 Swiftness                Air            1%         N/A       100%        3
 Vampiric Draining        Necr           1%         2d6       100%        3
 Airstrike                Air            0%         2d(1-17)  100%        4
 Fulminant Prism          Conj/Hex       2%         3d5       100%        4
 Iskenderun's Mystic Bla  Conj/Tloc      5%         2d3       100%        4
 Leda's Liquefaction      Hex/Erth       0%         N/A       100%        4
 Passage of Golubria      Tloc           1%         N/A       100%        4
 Petrify                  Tmut/Erth      1%         N/A       100%        4
 Summon Ice Beast         Ice/Summ       1%         N/A       100%        4
 Agony                    Necr           1%         N/A       100%        5
 Freezing Cloud           Conj/Ice/Air   1%         6-21      100%        5
 Irradiate                Conj/Tmut      2%         3d12      100%        5
 Lee's Rapid Deconstruct  Erth           0%         3d4*      100%        5
 Silence                  Hex/Air        0%         N/A       100%        5
 Ozocubu's Refrigeration  Ice            0%         4d7       100%        7
 Lehudib's Crystal Spear  Conj/Erth      2%         10d2      100%        8
 Chain Lightning          Conj/Air       2%         3d3       100%        9
 Fire Storm               Conj/Fire      2%         8d1       100%        9
 Shatter                  Erth           0%         3d5*      100%        9
 Sublimation of Blood     Necr           Unusable   N/A       N/A         2
 Ice Form                 Ice/Tmut       Unusable   N/A       N/A         4
 Statue Form              Tmut/Erth      Unusable   N/A       N/A         6

Dungeon Overview and Level Annotations

Branches:
Dungeon (15/15)            Temple (0/1) D:4            Lair (5/5) D:9
 Shoals (0/4) Lair:2       Spider (4/4) Lair:3        Slime (0/5) Lair:5
    Orc (2/2) D:12            Elf (0/3) Orc:2        Vaults (0/5) D:14
 Depths (0/4) D:15        Ossuary (visited)

Altars:
Fedhas
Gozag
Hepliaklqana
Okawaru
Ru
Sif Muna
Uskayaw
Vehumet
Yredelemnul
Jiyva

Shops:
D:2 [   D:4 (   D:7 :   Orc:2 =[[((

Annotations:
D:13 2 transporters


Innate Abilities, Weirdness & Mutations

You are immune to poison.
You have sharp fingernails.
Your flesh is cold resistant. (rC+)
You are immune to negative energy. (rN+++)
You do not regenerate when monsters are visible.
You are immune to unholy pain and torment.
You thrive by killing the living.


Message History

* * * LOW HITPOINT WARNING * * *
The living lightning hits your redback zombie!!
The spark wasp blinks!
Your tarantella zombie hits the emperor scorpion but does no damage.
The spark wasp barely misses your culicivora zombie.
Your jumping spider zombie pounces on the emperor scorpion.
Your jumping spider zombie bites the emperor scorpion but does no damage.
Your orb spider zombie evades a web.
The emperor scorpion stings your jumping spider zombie!!
The emperor scorpion barely misses your jumping spider zombie.
The emperor scorpion claws your jumping spider zombie.
Your redback zombie misses the spark wasp.
Your culicivora zombie barely misses the emperor scorpion.
The spark wasp barely misses your culicivora zombie.
Your tarantella zombie hits the emperor scorpion!
The spark wasp stings your redback zombie!!
Your redback zombie is destroyed!
The spark wasp closely misses your culicivora zombie.
Unknown command.
Unknown command.
Louise blocks the emperor scorpion's attack.
The emperor scorpion claws Louise. x2
The spark wasp stings your culicivora zombie!!
Your culicivora zombie is destroyed!
The spark wasp stings you but does no damage.
Your tarantella zombie hits the emperor scorpion but does no damage.
Unknown command.
Unknown command.
You closely miss the spark wasp.
Louise blocks the emperor scorpion's attack.
The emperor scorpion claws Louise but does no damage. x2
The spark wasp stings your jumping spider zombie!!
Your jumping spider zombie is destroyed!
The spark wasp stings you but does no damage.
Your tarantella zombie barely misses the emperor scorpion.
You barely miss the spark wasp. The spark wasp stings you!!
* * * LOW HITPOINT WARNING * * *
The spark wasp shocks you!
You die...
Yredelemnul claims you as an undead slave.

...~#### ### #####.~~~~.###
.ZZZ~# +... ![. #..#~.~#
#~..Z## #..! y. ####...#
###ZZZ### ..##. ##...##
###...Z.## #'y# ##~).##
.~##..ZZ.# #ys## #.Z..#
~~~~~~.Z~#####ZZZ# ##.^..###
##~~~#....#.^##Z.###....##.##
######~..Z.Z##Z@##~...Z~~..##
###.~.^.ZZ.y..~^#~~~...#
#####.^...#######~~###
#.~~### #### #####


You could see an emperor scorpion (ally target), 3 spark wasps, the friendly
Louise the bound human, 2 friendly jumping spider zombies, 2 friendly orb spider
zombies, a friendly tarantella zombie and a friendly redback zombie.

Vanquished Creatures
  Jorgrun (Spider:1)
  Kirke (Spider:2)
  4 emperor scorpions
  An orc warlord (Orc:2)
  A caustic shrike zombie (D:15)
  A caustic shrike skeleton (D:15)
  Azrael (Spider:1)
  2 spark wasps (Spider:3)
  An entropy weaver (shapeshifter) (D:15)
  An entropy weaver (Spider:2)
  Harold (D:9)
  2 vault guards (D:14)
  An ogre mage (D:15)
  2 hydras
  3 radroaches
  3 catoblepae
  2 death knights
  6 two-headed ogres
  4 boulder beetles
  2 orc high priests (Orc:2)
  6 centaur warriors
  A deep troll shaman (Lair:5)
  12 death yaks
  7 skeletal warriors
  3 skysharks
  3 pharaoh ants
  A sun moth (Spider:3)
  A flayed ghost (D:15)
  6 orb spiders
  5 steelbarb worms
  A necromancer (D:14)
  A deep elf pyromancer (D:13)
  A phantasmal warrior (D:14)
  2 orc knights (Orc:2)
  3 ugly things (D:15)
  4 orc sorcerers (Orc:2)
  A moth of wrath (Spider:4)
  A stone giant zombie (D:15)
  6 wolf spiders
  3 cyclopes
  11 elephants
  2 black mambas
  A torpor snail (Spider:3)
  4 demonic crawlers
  6 cane toads
  4 gargoyles
  Psyche (D:8)
  2 kobold demonologists
  A rime drake (Lair:4)
  An efreet (D:14)
  A freezing wraith (D:14)
  3 komodo dragons
  A queen bee (D:14)
  7 trolls
  16 tarantellas
  A hornet (Spider:4)
  Grinder (D:3)
  A polar bear (Lair:5)
  The ghost of Rudyous the Conjurer, an amateur DsFE (D:4)
  A blink frog (Lair:2)
  The ghost of Mangosteen the Poker, an amateur TeRe (D:4)
  14 culicivoras
  8 jumping spiders
  5 slime creatures
  2 shadows
  2 vampires
  4 wyverns
  55 yaks
  2 hogs (D:9)
  6 wraiths
  A fire elemental (Spider:1)
  7 humans
  Eustachio (D:4)
  41 redbacks
  3 basilisks
  2 wargs (Orc:2)
  Menkaure (D:4)
  The ghost of Fractals the Sneak, an amateur KoEn (D:4)
  The ghost of sigtrap the Sneak, an amateur SpBr (D:4)
  An acid dragon (D:10)
  A glowing shapeshifter zombie (D:15)
  8 water moccasins
  A hell hound (Spider:1)
  7 black bears
  18 orc warriors
  4 ogres
  10 wolves
  A phantom (D:7)
  6 centaurs
  6 kobold brigands
  9 bullfrogs
  3 scorpions
  4 wights (D:7)
  22 killer bees
  3 electric eels
  6 howler monkeys
  3 hounds
  A gnoll bouda (D:6)
  14 orc priests
  Crazy Yiuf (D:3)
  2 iguanas (D:5)
  3 sleepcaps
  Natasha (twice) (D:4)
  23 orc wizards
  2 hell rats (Lair:5)
  8 mummies (Ossuary)
  Robin (D:3)
  13 adders
  2 gnolls (D:6)
  2 white imps (D:6)
  A worm zombie (D:5)
  7 worms
  A dart slug (D:2)
  57 orcs
  4 ball pythons
  3 endoplasms
  7 giant cockroaches
  2 gnoll zombies (Ossuary)
  22 goblins
  8 hobgoblins
  5 jackals
  4 quokkas (D:1)
  4 bats
  4 frilled lizards
  2 hobgoblin zombies (Ossuary)
  12 kobolds
  A kobold zombie (Ossuary)
  3 orc zombies (Ossuary)
  4 rats
  A rat zombie (D:5)
670 creatures vanquished.

Vanquished Creatures (collateral kills)
  Roxanne (Spider:4)
  2 emperor scorpions
  3 ghost moths
  The ghost of Ikly the Bludgeoner, a journeyman GrFi of Okawaru (Spider:3)
  A dire elephant (Lair:5)
  A spark wasp (Spider:2)
  A hydra (Lair:2)
  A radroach (Spider:3)
  A two-headed ogre (D:14)
  A centaur warrior (D:13)
  4 death yaks (Lair:2)
  A skeletal warrior (D:14)
  5 orb spiders
  A deep elf pyromancer (D:13)
  6 wolf spiders
  2 manticores (D:15)
  A moth of wrath (Spider:3)
  A cyclops (D:13)
  A merfolk siren (Lair:2)
  A black mamba (Lair:1)
  3 demonic crawlers
  2 elephants (Lair:4)
  4 cane toads
  A redback zombie (Lair:3)
  2 komodo dragons
  A polar bear (Lair:5)
  4 blink frogs (Lair:2)
  4 tarantellas
  Sigmund (D:3)
  2 slime creatures (D:15)
  20 jumping spiders
  A wraith (D:14)
  11 culicivoras
  16 yaks
  A fire elemental (Spider:1)
  2 hogs
  3 humans (D:14)
  A basilisk (Lair:5)
  27 redbacks
  3 water moccasins
  5 orc warriors (Orc:2)
  An ice beast (D:5)
  2 centaurs
  2 ogres
  6 wolves
  2 bullfrogs
  2 killer bees (D:9)
  2 howler monkeys (D:12)
  4 electric eels
  2 orc wizards
  2 hell rats (Lair:5)
  2 gnolls (D:6)
  A worm (D:14)
  19 orcs
  3 goblins
  3 hobgoblins
  A kobold (D:2)
  A quokka (D:2)
  A ball python (D:3)
  A bat (D:3)
  A frilled lizard (D:8)
  A butterfly (Lair:5)
209 creatures vanquished.

Vanquished Creatures (others)
  3 wolf spider zombies
  6 centaur zombies
  A death yak zombie (Lair:5)
  2 orb spider zombies
  A catoblepas zombie (Lair:5)
  19 redback zombies
  A demonic crawler zombie (Spider:2)
  A hydra zombie (Lair:3)
  A spectral jumping spider (Spider:4)
  4 culicivora zombies
  A tarantella (Spider:4)
  7 jumping spider zombies
  5 tarantella zombies
  A black mamba zombie (Lair:2)
  A jumping spider (Spider:4)
  2 slime creature zombies (D:14)
  A fire elemental (Spider:1)
  3 humans
  A two-headed ogre zombie (D:14)
  2 skyshark zombies
  3 human zombies (D:14)
  A cane toad zombie (Lair:2)
  2 spectral efreet
  A hornet zombie (Spider:4)
  3 elephant zombies
  4 blink frog zombies (Lair:2)
  A kobold brigand (D:11)
  A komodo dragon zombie (Lair:5)
  2 wyvern zombies
  3 water moccasin zombies
  A hell hound zombie (Spider:1)
  A troll zombie (Orc:2)
  2 warg zombies (Orc:2)
  6 yak zombies
  A polar bear zombie (Lair:5)
  6 wolf zombies
  A bullfrog zombie (Lair:1)
  A basilisk zombie (Lair:5)
  7 killer bee zombies
  A hound zombie (D:6)
  4 hell rat zombies (Lair:5)
  A howler monkey zombie (D:12)
  2 spectral electric eels
  A spectral white imp (D:6)
  2 worm zombies
  4 adder zombies
  An orc (D:6)
  A bat zombie (D:2)
  A kobold (D:11)
  A ball python zombie (D:2)
  An endoplasm zombie (D:3)
  A giant cockroach zombie (D:2)
  6 goblin zombies
  2 jackal zombies
  44 orc zombies
  A rat zombie (D:3)
  40 fungi
  93 plants
  3 withered plants (D:15)
320 creatures vanquished.

Grand Total: 1199 creatures vanquished

Notes
Turn   | Place    | Note
-------+----------+-------------------------------------------
     0 | D:1      | SnakkuSnakku7 the Ghoul Conjurer began the quest for the
                  | Orb.
     0 | D:1      | Reached XP level 1. HP: 14/14 MP: 2/2
   188 | D:1      | Reached skill level 1 in Fighting
   188 | D:1      | Reached skill level 1 in Unarmed Combat
   188 | D:1      | Reached XP level 2. HP: 18/23 MP: 3/3
   450 | D:1      | Reached XP level 3. HP: 21/29 MP: 4/4
   508 | D:1      | Reached skill level 2 in Unarmed Combat
  1120 | D:2      | Found a faded altar of an unknown god.
  1129 | D:2      | Prayed at the altar of an unknown god.
  1129 | D:2      | Became a worshipper of Yredelemnul the Dark
  1129 | D:2      | Reached * piety under Yredelemnul
  1297 | D:2      | Reached XP level 4. HP: 31/37 MP: 5/5
  1926 | D:2      | Found Epleat Ecwo's Antique Armour Boutique.
  1969 | D:2      | Reached ** piety under Yredelemnul
  2115 | D:3      | Reached skill level 3 in Unarmed Combat
  2223 | D:3      | Found a hide-covered altar of Uskayaw.
  2224 | D:3      | Noticed Grinder
  2238 | D:3      | Paralysed by Grinder for 3 turns
  2243 | D:3      | Paralysed by Grinder for 4 turns
  2260 | D:3      | Paralysed by Grinder for 3 turns
  2265 | D:3      | Killed Grinder
  2266 | D:3      | Reached skill level 4 in Unarmed Combat
  2266 | D:3      | Reached XP level 5. HP: 17/47 MP: 6/6
  2266 | D:3      | Reached XP level 6. HP: 19/53 MP: 7/7
  2567 | D:3      | Noticed Robin
  2585 | D:3      | Killed Robin
  2598 | D:3      | Killed Sigmund
  2599 | D:3      | Reached skill level 5 in Fighting
  2599 | D:3      | Reached skill level 5 in Unarmed Combat
  2599 | D:3      | Reached XP level 7. HP: 41/61 MP: 8/8
  2757 | D:3      | Found a hazy altar of Hepliaklqana.
  2919 | D:3      | Found a runed translucent door.
  2920 | D:3      | Noticed Crazy Yiuf
  2928 | D:3      | Killed Crazy Yiuf
  3039 | D:4      | Noticed Menkaure
  3052 | D:4      | Killed Menkaure
  3053 | D:4      | Reached skill level 6 in Unarmed Combat
  3154 | D:4      | Noticed Eustachio
  3203 | D:4      | Killed Eustachio
  3204 | D:4      | Reached skill level 7 in Unarmed Combat
  3204 | D:4      | Reached XP level 8. HP: 30/70 MP: 9/9
  3358 | D:4      | Found a staircase to the Ecumenical Temple.
  3381 | D:4      | Found Zaxzeloc's Antique Weapon Emporium.
  3394 | D:4      | Found a runed translucent gate.
  3395 | D:4      | Found a runed translucent gate.
  3396 | D:4      | Found a runed translucent gate.
  3397 | D:4      | Noticed Rudyous's ghost (amateur DsFE)
  3398 | D:4      | Noticed sigtrap's ghost (amateur SpBr)
  3398 | D:4      | Noticed Mangosteen's ghost (amateur TeRe)
  3398 | D:4      | Noticed Fractals's ghost (amateur KoEn)
  3633 | D:4      | Noticed Natasha
  3638 | D:4      | Killed Natasha
  3895 | D:5      | Entered Level 5 of the Dungeon
  3933 | D:5      | Reached skill level 8 in Unarmed Combat
  4004 | D:5      | Found a sand-covered staircase.
  4013 | D:5      | Reached skill level 9 in Unarmed Combat
  4022 | Ossuary  | Entered an ossuary
  4772 | D:5      | Reached skill level 10 in Unarmed Combat
  5017 | D:6      | Reached XP level 9. HP: 75/75 MP: 10/10
  5144 | D:6      | Reached skill level 11 in Unarmed Combat
  5160 | D:6      | Reached *** piety under Yredelemnul
  5247 | D:6      | Found a radiant altar of Vehumet.
  5265 | D:6      | Found an opulent altar of Gozag.
  5357 | D:6      | Found a blossoming altar of Fedhas.
  5731 | D:7      | Found Foxosam's Tremendous Tomes.
  5757 | D:7      | Reached skill level 12 in Unarmed Combat
  5833 | D:7      | Reached skill level 1 in Armour
  5907 | D:7      | Identified the +6 scale mail of the Tarantula {Int+3}
  6427 | D:8      | Noticed Psyche
  6431 | D:8      | Paralysed by Psyche for 5 turns
  6440 | D:8      | Killed Psyche
  6471 | D:8      | Found a sacrificial altar of Ru.
  6483 | D:8      | Reached skill level 5 in Armour
  6486 | D:8      | Reached XP level 10. HP: 83/83 MP: 11/11
  6795 | D:8      | Reached **** piety under Yredelemnul
  7173 | D:9      | Found a staircase to the Lair.
  7278 | D:9      | Noticed a centaur warrior
  7296 | D:9      | Noticed Harold
  7316 | D:9      | Killed Harold
  7335 | D:9      | Noticed a centaur warrior
  7338 | D:9      | Killed a centaur warrior
  7347 | D:9      | Reached XP level 11. HP: 61/89 MP: 12/12
  7357 | D:9      | Killed a centaur warrior
  7358 | D:9      | Reached skill level 10 in Armour
  7605 | D:9      | Found a shimmering blue altar of Sif Muna.
  7612 | D:9      | Identified a scroll of acquirement
  7613 | D:9      | Acquired the +14 plate armour of Precision Catastrophes
                  | {rN+}
  7670 | D:9      | Reached skill level 5 in Invocations
  7718 | D:9      | Reached ***** piety under Yredelemnul
  7720 | D:9      | Found an iron altar of Okawaru.
  8022 | D:10     | Entered Level 10 of the Dungeon
  8675 | D:10     | Noticed a two-headed ogre
  8689 | D:10     | Killed a two-headed ogre
  8689 | D:10     | Reached ****** piety under Yredelemnul
  8690 | D:10     | Reached skill level 10 in Invocations
  8701 | D:10     | Reached XP level 12. HP: 66/96 MP: 18/18
  8914 | Lair:1   | Entered Level 1 of the Lair of Beasts
  9250 | Lair:1   | Reached skill level 5 in Dodging
  9757 | Lair:2   | Noticed a skyshark
  9759 | Lair:2   | Noticed a seven-headed hydra
  9768 | Lair:2   | Killed a skyshark
  9778 | Lair:2   | Killed a seven-headed hydra
 10221 | Lair:2   | Noticed a death yak
 10223 | Lair:2   | Noticed a death yak
 10223 | Lair:2   | Noticed a death yak
 10225 | Lair:2   | Noticed a death yak
 10225 | Lair:2   | Noticed a death yak
 10234 | Lair:2   | Killed a death yak
 10239 | Lair:2   | Killed a death yak
 10245 | Lair:2   | Killed a death yak
 10250 | Lair:2   | Killed a death yak
 10254 | Lair:2   | Killed a death yak
 10255 | Lair:2   | Reached skill level 10 in Dodging
 10255 | Lair:2   | Reached XP level 13. HP: 62/102 MP: 12/19
 10476 | Lair:2   | Found a staircase to the Shoals.
 10858 | Lair:3   | Found a hole to the Spider Nest.
 11103 | Lair:3   | Reached skill level 10 in Fighting
 12199 | Lair:5   | Entered Level 5 of the Lair of Beasts
 12685 | Lair:5   | Reached skill level 13 in Unarmed Combat
 12714 | Lair:5   | Reached XP level 14. HP: 126/126 MP: 20/20
 12797 | Lair:5   | Found a staircase to the Slime Pits.
 12797 | Lair:5   | Found a viscous altar of Jiyva.
 13108 | Lair:4   | Reached skill level 14 in Unarmed Combat
 13512 | Lair:5   | Reached skill level 15 in Unarmed Combat
 13532 | Lair:5   | Noticed a dire elephant
 13550 | Lair:5   | Killed a dire elephant
 13574 | Lair:5   | Identified the +0 quarterstaff "Tucve" {drain, rF++ Will+
                  | Int-5}
 14469 | D:4      | Killed Fractals's ghost
 14478 | D:4      | Killed Mangosteen's ghost
 14485 | D:4      | Killed Rudyous's ghost
 14495 | D:4      | Killed sigtrap's ghost
 14610 | D:2      | Bought the +2 shield of Resistance {rF++ rC++ Will++} for
                  | 1410 gold pieces
 14610 | D:2      | Found the +2 shield of Resistance {rF++ rC++ Will++}
 14693 | D:4      | Noticed Natasha
 14698 | D:4      | Killed Natasha
 14871 | D:11     | Reached skill level 1 in Shields
 14998 | D:11     | Identified the ring of the Enemy {rPois MP+9 Str-4 Dex+2
                  | Slay+2}
 15520 | D:12     | Found a staircase to the Orcish Mines.
 16303 | Orc:1    | Entered Level 1 of the Orcish Mines
 16563 | Orc:2    | Entered Level 2 of the Orcish Mines
 16571 | Orc:2    | Reached skill level 5 in Shields
 16674 | Orc:2    | Found Pakas's Antique Armour Shop.
 16685 | Orc:2    | Bought a pair of runed boots for 187 gold pieces
 16715 | Orc:2    | Found a staircase to the Elven Halls.
 16813 | Orc:2    | Found Xepimas's Jewellery Shop.
 17168 | Orc:2    | Noticed an orc warlord
 17188 | Orc:2    | Killed an orc warlord
 17207 | Orc:2    | Reached XP level 15. HP: 52/132 MP: 16/21
 17425 | Orc:2    | Found Idwykuna's Antique Weapon Boutique.
 17527 | Orc:2    | Found Vohoruol's Antique Weapon Boutique.
 17531 | Orc:2    | Found Perhyawk's Antique Armour Shop.
 17902 | D:13     | Found a transporter.
 17904 | D:13     | Found a corrupted altar of Lugonu.
 18389 | D:13     | Found a transporter.
 19045 | D:14     | Reached skill level 10 in Shields
 19179 | D:14     | Reached skill level 16 in Unarmed Combat
 19214 | D:14     | Found a gate to the Vaults.
 19497 | D:15     | Entered Level 15 of the Dungeon
 19545 | D:15     | Found a staircase to the Depths.
 19947 | D:15     | Reached skill level 17 in Unarmed Combat
 20244 | D:15     | Reached XP level 16. HP: 137/139 MP: 22/22
 20813 | Spider:1 | Entered Level 1 of the Spider Nest
 20968 | Lair:3   | Reached skill level 18 in Unarmed Combat
 21155 | Spider:1 | Noticed Azrael
 21168 | Spider:1 | Reached skill level 1 in Evocations
 21175 | Spider:1 | Killed Azrael
 21295 | Spider:1 | Noticed Jorgrun
 21306 | Spider:1 | Killed Jorgrun
 21470 | Spider:1 | Noticed Louise
 21498 | Spider:1 | Killed Louise
 21498 | Spider:1 | Enslaved Louise
 21517 | Spider:1 | Your ally Azrael died
 21638 | Spider:1 | Reached skill level 5 in Evocations
 22376 | Spider:2 | Noticed Kirke
 22384 | Spider:2 | Killed Kirke
 23476 | Spider:3 | Found a runed translucent door.
 23481 | Spider:3 | Reached skill level 10 in Evocations
 23485 | Spider:3 | Noticed Ikly's ghost (journeyman GrFi)
 23507 | Spider:3 | Killed Ikly's ghost
 23508 | Spider:3 | Reached XP level 17. HP: 129/146 MP: 23/23
 23872 | Spider:4 | Entered Level 4 of the Spider Nest
 24075 | Spider:4 | Noticed Roxanne
 24279 | Spider:4 | Killed Roxanne
 24729 | Spider:4 | Slain by a spark wasp

Illustrated notes

Levels and vault maps discovered:
D:1:      dpeg_arrival_radiant, layout_basic, minmay_misc_feat_iff
D:2:      layout_basic, serial_shops, shop_fountains, basic_ecumenical_altar
D:3:      layout_loops_cross, lemuel_crystal_altar,
          mainiacjoe_overflow_cross_hatched, grunt_ministairs_15, uniq_robin,
          uniq_sigmund, uniq_crazy_yiuf_cottage, uniq_grinder
D:4:      layout_cave_pods, temple_hall, serial_shops, nicolae_shop_tiny_glass,
          gammafunk_ghost_cemetery, uniq_eustachio, uniq_natasha, uniq_menkaure
D:5:      layout_basic, enter_ossuary_3, serial_bayou_lagoon_a
D:6:      layout_rooms, pdpol_temple_overflow_zin_treasury_gozag_greed,
          fedhas_altar_2, vehumet_crystals
D:7:      layout_loops_corners, nicolae_shop_i_like_big_books,
          chequers_serial_rivers_micro_e
D:8:      layout_gridville, nicolae_ru_great_annihilating_truth, uniq_psyche
D:9:      layout_roguey, tso_oasis_becter, old_standard_altar,
          mainiacjoe_overflow_six_doors_small, minmay_misc_feat_enclosed,
          grunt_livestock, minmay_fractal_squares_gapless_7, uniq_harold
D:10:     layout_small_grid
D:11:     layout_long_grid, lemuel_nasty_fountain
D:12:     layout_stronghold, orc_0_dummy
D:13:     gammafunk_corrupted_shrine, layout_gridville,
          nicolae_straight_to_the_point
D:14:     layout_irregular_city, ximxim_vaults_locker_room,
          nicolae_elyvilon_temple_path, minmay_holes, hive_lemuel
D:15:     gammafunk_depths_entry_grave, layout_small_grid,
          amcnicky_mini_rare_corridor_liquid
Lair:1:   layout_regular_city, serial_forest, infiniplex_forest_lined_ring,
          infiniplex_forest_clump_medium, infiniplex_forest_end_3,
          infiniplex_forest_3_way, grunt_forest_small_clearings, minivault_19
Lair:2:   layout_chaotic_city, minmay_shoals_entry_lonely_mermaid, minivault_25,
          serial_bayou_shore_b, lemuel_fruit_fields
Lair:3:   layout_loops_ring, nicolae_spider_entry_tight_spaces
Lair:4:   layout_long_grid, lemuel_fruit_tree, grunt_megastairs_1,
          lemuel_fruit_fields
Lair:5:   grunt_lair_end_beastmaster, layout_cave_pods, slime_entry_1,
          st_stairs_3, serial_bayou_shore_a, lemuel_fruit_fields
Spider:1: layout_cave_pods, nicolae_spider_scorpion_nest, uniq_louise,
          uniq_jorgrun, uniq_azrael
Spider:2: layout_chambers, hangedman_spider_tarantella_strand, uniq_kirke
Spider:3: layout_spider_delve, ebering_ghost_inner_flame, drop_trap
Spider:4: spider_rune_water, drop_trap, uniq_roxanne
Orc:1:    layout_diamond_mine
Orc:2:    grunt_orc_community_town_hall, layout_caves,
          grunt_orc_community_big_house_1, grunt_orc_community_big_house_1,
          grunt_orc_community_house_2, grunt_orc_community_house_2,
          grunt_orc_community_house_2, grunt_orc_community_house_1,
          grunt_orc_community_house_2, grunt_orc_community_house_3,
          serial_shops, shop

Skill      XL: |  1  2  3  4  5  6  7  8  9 10 11 12 13 14 15 16 17 |
---------------+----------------------------------------------------+-----
Fighting       | 1 2 4 5 6 12 | 12.0
Unarmed Combat | 1 2 4 5 7 10 12 13 15 17 18 | 18.1
Armour         | 5 9 10 | 10.0
Invocations    | 10 11 | 11.1
Dodging        | 3 10 | 10.0
Shields        | 7 10 | 10.0
Evocations     | 10 12 | 12.0
Stealth        | |  2.1
Spellcasting   | |  1.7
Conjurations   | |  3.2

Action                     |  1- 3 |  4- 6 |  7- 9 | 10-12 | 13-15 | 16-18 || total
---------------------------+-------+-------+-------+-------+-------+-------++-------
  Melee: Unarmed           |   176 |   145 |   395 |   505 |  1449 |   725 ||  3395
         Punch             |       |     3 |    13 |       |       |       ||    16
   Cast: Magic Dart        |     6 |       |       |       |       |       ||     6
 Invoke: Dark Bargain      |       |       |       |       |     2 |     1 ||     3
         Recall Undead Har |       |       |       |       |       |     5 ||     5
         Bind Soul         |       |       |       |       |       |     1 ||     1
  Evoke: Wand              |       |       |     1 |       |     5 |       ||     6
         Lightning rod     |       |       |       |       |       |     6 ||     6
    Use: Scroll            |       |     2 |    15 |     5 |    16 |     2 ||    40
         Potion            |       |       |       |       |     3 |     1 ||     4
   Stab: Sleeping          |     3 |       |       |       |       |       ||     3
         Distracted        |     1 |     1 |       |     5 |    10 |    13 ||    30
         Petrifying        |       |       |       |       |     1 |       ||     1
         Petrified         |       |       |       |       |     8 |       ||     8
 Armour: Robe              |    73 |    13 |       |       |       |       ||    86
         Chain mail        |       |   100 |   201 |       |       |       ||   301
         Plate armour      |       |       |    31 |   445 |  1315 |   788 ||  2579
  Dodge: Dodged            |   107 |    39 |   148 |   185 |   481 |   277 ||  1237
  Block: Kite shield       |       |       |       |       |   485 |   537 ||  1022
